 Dungeon Crawl Stone Soup version 0.27.0-1-g7a089689b8 (webtiles) character file.

Game seed: 16531119461363891743

122202 gimp the Eclecticist (level 16, -10/87 HPs)
             Began as a Deep Elf Brigand on Aug 8, 2021.
             Was a High Priest of Vehumet.
             Mangled by a bunyip (22 damage)
             ... on level 2 of the Swamp.
             The game lasted 01:50:58 (37485 turns).

gimp the Eclecticist (Deep Elf Brigand)            Turns: 37485, Time: 01:50:58

Health: -10/87     AC: 17    Str: 15    XL:     16   Next: 34%
Magic:  41/41      EV: 17    Int: 23    God:    Vehumet [*****.]
Gold:   414        SH:  6    Dex: 17    Spells: 20/54 levels left

rFire    + . .     SeeInvis +   b - +2 short sword (venom)
rCold    + + .     Faith    .   S - +0 buckler
rNeg     + + .     Spirit   .   P - +0 acid dragon scales
rPois    +         Reflect  .   t - +2 helmet
rElec    +         Harm     .   h - +2 ratskin cloak {*Rats rPois rN+ Str-1 Int-1 Dex+1}
rCorr    +         Rampage  .   l - +0 pair of gloves of Gelulol {rElec Str+4 Stlth-}
Will     +....                  y - +1 pair of boots
Stlth    +.........             s - amulet of regeneration
HPRegen  1.24/turn              Y - ring "Xiwusasu" {rF+ rC+ Str+4 Stlth-}
MPRegen  0.27/turn              X - ring "Vuezxoff" {rC+ rN+ rCorr SInv}

@: very slightly contaminated, hasted and slowed, invisible
A: no striking features
a: Renounce Religion


You were on level 2 of the Swamp.
You worshipped Vehumet.
Vehumet was extremely pleased with you.
You visited 4 branches of the dungeon, and saw 24 of its levels.
You visited 1 bazaar.

You collected 1892 gold pieces.
You spent 1478 gold pieces at shops.

Inventory:

Hand Weapons
 b - a +2 short sword of venom (weapon)
 T - the +8 war axe of Calamity {vorpal, rPois rF+ Will+ Int+4}
   (You found it on level 12 of the Dungeon)

   It inflicts extra damage upon your enemies.
   Int:       It affects your intelligence (+4).
   rF:        It protects you from fire.
   rPois:     It protects you from poison.
   Will:      It increases your willpower.
Missiles
 e - 26 poisoned darts
 u - a curare-tipped dart
Armour
 h - the +2 ratskin cloak (worn) {*Rats rPois rN+ Str-1 Int-1 Dex+1}
   (You found it on level 2 of the Lair of Beasts)

   When the wearer is hurt, rats may emerge from it to assist them.
   Str:       It affects your strength (-1).
   Int:       It affects your intelligence (-1).
   Dex:       It affects your dexterity (+1).
   rPois:     It protects you from poison.
   rN:        It protects you from negative energy.
 l - the +0 pair of gloves of Gelulol (worn) {rElec Str+4 Stlth-}
   (You acquired it on level 6 of the Dungeon)

   Str:       It affects your strength (+4).
   rElec:     It insulates you from electricity.
   Stlth:     It makes you less stealthy.
 o - a +0 robe of cold resistance
 t - a +2 helmet (worn)
 v - a +0 kite shield
 y - a +1 pair of boots (worn)
 P - +0 acid dragon scales (worn)
 S - a +0 buckler (worn)
Magical Staves
 a - a staff of fire
 M - a staff of cold
Jewellery
 c - a +6 ring of intelligence
 s - an amulet of regeneration (around neck)
 x - the ring "Iguac" {Drain rElec rN++ Str+6 Stlth+}
   (You found it on level 15 of the Dungeon)

   [ring of strength]

   Str:       It affects your strength (+6).
   rElec:     It insulates you from electricity.
   rN:        It greatly protects you from negative energy.
   Drain:     It drains your maximum health when unequipped.
   Stlth:     It makes you more stealthy.
 E - a ring of see invisible
 V - a ring of willpower
 X - the ring "Vuezxoff" (right hand) {rC+ rN+ rCorr SInv}
   (You acquired it on level 15 of the Dungeon)

   [ring of protection from cold]

   rC:        It protects you from cold.
   rN:        It protects you from negative energy.
   SInv:      It lets you see invisible.
   rCorr:     It protects you from acid and corrosion.
 Y - the ring "Xiwusasu" (left hand) {rF+ rC+ Str+4 Stlth-}
   (You found it on level 15 of the Dungeon)

   [ring of protection from cold]

   Str:       It affects your strength (+4).
   rF:        It protects you from fire.
   rC:        It protects you from cold.
   Stlth:     It makes you less stealthy.
Wands
 r - a wand of iceblast (25)
 D - a wand of flame (30)
 L - a wand of digging (11)
 W - a wand of mindburst (12)
Scrolls
 d - 3 scrolls of enchant weapon
 j - a scroll of magic mapping
 k - 5 scrolls of fog
 w - 16 scrolls of teleportation
 A - 2 scrolls of brand weapon
 C - 2 scrolls of summoning
 G - 5 scrolls of enchant armour
 Q - 7 scrolls of identify
 U - 2 scrolls of amnesia
Potions
 f - a potion of invisibility
 g - 4 potions of resistance
 i - 3 potions of ambrosia
 m - 3 potions of brilliance
 n - 10 potions of curing
 p - 4 potions of mutation
 q - a potion of magic
 z - a potion of lignification
 B - 3 potions of heal wounds
 F - 8 potions of might
 K - 8 potions of cancellation
 N - 2 potions of flight
Miscellaneous
 I - a phial of floods (inert)
 J - a box of beasts


   Skills:
 - Level 5.0 Fighting
 - Level 6.0 Short Blades
 - Level 6.0 Throwing
 - Level 6.0 Armour
 - Level 10.0 Dodging
 - Level 6.0 Stealth
 * Level 6.8 Shields
 + Level 19.7 Spellcasting
 - Level 13.5 Conjurations
 - Level 3.0 Translocations
 + Level 2.3 Fire Magic
 - Level 9.0 Air Magic
 + Level 2.3 Earth Magic
 - Level 11.0 Evocations


You had 20 spell levels left.
You knew the following spells:

 Your Spells              Type           Power      Damage    Failure   Level
a - Bolt of Magma         Conj/Fire/Erth 25%        4d12      1%          5
b - Static Discharge      Conj/Air       65%        N/A       1%          2
c - Lightning Bolt        Conj/Air       32%        1d50      1%          5
d - Orb of Destruction    Conj           35%        9d13      2%          7
e - Mephitic Cloud        Conj/Pois/Air  55%        N/A       1%          3
f - Shock                 Conj/Air       100%       1d9       1%          1
g - Blink                 Tloc           N/A        N/A       1%          2
h - Iskenderun's Mystic   Conj/Tloc      57%        2d12      1%          4
i - Fireball              Conj/Fire      28%        3d12      1%          5

Your spell library contained the following spells:

 Spells                   Type           Power      Damage    Failure   Level
 Freezing Cloud           Conj/Ice/Air   27%        6-21      1%          5
 Ignite Poison            Fire/Tmut/Pois 26%        N/A       1%          3
 Fulminant Prism          Conj/Hex       26%        3d14      1%          4
 Iskenderun's Battlesphe  Conj           71%        2d12      1%          5
 Conjure Ball Lightning   Conj/Air       32%        3x3d10    1%          6
 Beastly Appendage        Tmut           44%        N/A       2%          1
 Lesser Beckoning         Tloc           18%        N/A       2%          3
 Wereblood                Tmut           22%        N/A       4%          2
 Summon Lightning Spire   Summ/Air       43%        N/A       4%          4
 Spider Form              Tmut/Pois      11%        N/A       9%          3
 Summon Guardian Golem    Hex/Summ       22%        N/A       9%          3
 Tukima's Dance           Hex            22%        N/A       9%          3
 Passage of Golubria      Tloc           N/A        N/A       9%          4
 Lee's Rapid Deconstruct  Erth           16%        3d11*     9%          5
 Yara's Violent Unravell  Hex/Tmut       11%        3d6       21%         5
 Manifold Assault         Tloc           36%        N/A       22%         5
 Animate Dead             Necr           11%        N/A       28%         4
 Spellforged Servitor     Conj/Summ      26%        N/A       36%         7
 Maxwell's Capacitive Co  Air            29%        ∞         71%         8
 Dispersal                Tloc           18%        N/A       77%         6
 Haunt                    Necr/Summ      11%        N/A       100%        7
 Disjunction              Tloc           18%        N/A       100%        8
 Infestation              Necr           11%        N/A       100%        8


Dungeon Overview and Level Annotations

Branches:
Dungeon (15/15)            Temple (1/1) D:5            Lair (6/6) D:9
  Swamp (2/4) Lair:4       Spider (0/4) Lair:3        Slime (0/5) Lair:5
    Orc (0/2) D:12         Vaults (0/5) D:13         Depths (0/5) D:15

Altars:
Ashenzari
Cheibriados
Dithmenos
Elyvilon
Fedhas
Gozag
Hepliaklqana
Kikubaaqudgha
Makhleb
Nemelex Xobeh
Okawaru
Qazlal
Ru
Sif Muna
Trog
Uskayaw
Vehumet
Wu Jian
Xom
Yredelemnul
Zin
The Shining One
Jiyva
Lugonu

Shops:
D:4 [   D:9 [   D:10 !   D:15 ?(=

Annotations:
D:6 exclusions: acid dragon and zombie
D:7 exclusion: downstairs
D:15 2 transporters


Message History

As you read the scroll of fear, it crumbles to dust.
You assume a fearsome visage.
The bog body is unaffected. x2
The spriggan rider resists with almost no effort.
The swamp worm looks frightened!
You are engulfed in freezing vapours.
You resist.
A river rat scurries out from under your cloak.
A bunyip comes into view.
You block the spriggan rider's attack. The bog body barely misses you.
You block the spriggan rider's attack.
You take 7 damage, and have 52/87 hp.
Okay, then.
Okay, then.
Unknown command.
Okay, then.
Unknown command.
You feel yourself speed up. The bog body closely misses you.
The spriggan rider hits you from afar with a +0 spear!
The bunyip claws your river rat!!
Your river rat dies!
You take 11 damage, and have 41/87 hp.
The bog body gestures at you while chanting.
You easily resist.
You fade into invisibility!
The spriggan rider hits you from afar with a +0 spear!
Your river rat closely misses the swamp worm.
The bog body points at you and mumbles some strange words.
The bolt of cold misses you. The bog body misses you.
You are very lightly contaminated with residual magic.
You take 8 damage, and have 34/87 hp.
Your river rat barely misses the swamp worm.
The spriggan rider closely misses you.
An eleionoma comes into view.
There is a stone staircase leading up here.
The spriggan rider hits you from afar with a +0 spear!
* * * LOW HITPOINT WARNING * * *
The bunyip claws you but does no damage.
The bunyip claws you!
* * * LOW HITPOINT WARNING * * *
The bunyip claws you!!
You die...

♣≈≈≈≈≈.♣♣♣♣♣♣
♣♣≈≈≈§≈.≈.≈♣≈♣♣
♣.≈≈.≈≈≈≈.≈...♣
♣♣../≈≈.§≈≈..♣
♣♣.♣...≈.≈§r≈♣♣
≈.≈.≈≈≈≈≈≈[w≈.♣
...≈...i.nn≈.♣♣
♣ ♣♣.....x.≈.♣♣
♣ ♣....@..≈..♣
♣ ♣.≈≈≈.≈≈≈≈..♣
♣
♣$≈≈≈≈≈≈≈≈≈...
§
♣.≈≈≈≈≈≈≈≈≈..≈.
≈
♣≈≈≈≈≈≈≈≈≈.≈...
♣.≈≈≈≈≈≈≈....≈
≈≈R.≈≈≈.≈.♣♣≈
≈≈♣≈......♣.


You could see a bunyip, an eleionoma (wandering), a spriggan rider, 2 bog
bodies, a swamp worm (ally target) and a friendly river rat.

Vanquished Creatures
  Nikola (Swamp:1)
  Agnes (D:15)
  2 frost giants (D:15)
  A stone giant (D:15)
  2 eleionomae (Swamp:1)
  A yaktaur captain (D:15)
  2 ice dragons
  5 boulder beetles
  10 hydras
  A rakshasa (D:15)
  8 vault guards
  2 ogre magi (D:15)
  3 centaur warriors
  8 catoblepae
  2 death knights
  4 tengu warriors (D:15)
  A deep troll shaman (D:15)
  21 death yaks
  A deep elf knight (D:15)
  A fire crab (shapeshifter) (D:15)
  A goliath frog (Swamp:1)
  2 deep elf zephyrmancers (D:15)
  A bog body (Swamp:1)
  Pikel (D:3)
  3 deep elf pyromancers
  4 necromancers (D:15)
  2 orc knights (D:15)
  A wolf spider zombie (D:15)
  8 manticores
  A will-o-the-wisp (Swamp:1)
  14 cyclopes
  2 ugly things (D:15)
  21 elephants
  3 black mambas
  2 gargoyles
  Joseph (D:10)
  15 cane toads
  A rime drake (Lair:6)
  An unseen horror (shapeshifter) (D:15)
  10 komodo dragons
  A kobold demonologist (D:15)
  2 efreet
  A tengu conjurer (D:15)
  4 yaktaurs
  3 freezing wraiths (D:14)
  3 trolls
  A troll (shapeshifter) (D:13)
  4 tyrant leeches (Swamp:1)
  A meliai (D:15)
  5 jumping spiders (Lair:3)
  3 polar bears (Lair:3)
  5 hornets
  A harpy skeleton (D:15)
  8 slime creatures (D:14)
  A wolf spider simulacrum (D:15)
  11 blink frogs
  7 dream sheep (Lair:4)
  A centaur simulacrum (D:15)
  3 shadows
  A vampire (D:12)
  2 redbacks (Lair:3)
  3 spriggans (Swamp:1)
  59 yaks
  4 wyverns
  6 humans (D:13)
  A steam dragon (D:8)
  A wraith (D:11)
  A hog (shapeshifter) (D:14)
  4 vampire mosquitoes
  4 basilisks
  A swamp worm (Swamp:1)
  4 floating eyes (D:15)
  An acid dragon (D:11)
  15 water moccasins
  2 orc warriors
  An ice beast (D:5)
  4 necrophages
  A black bear (D:7)
  3 ogres (D:4)
  13 wolves
  7 centaurs
  Blork the orc (D:5)
  11 bullfrogs
  A kobold brigand (D:15)
  A wyvern zombie (D:7)
  3 scorpions
  A water moccasin skeleton (D:5)
  10 killer bees
  6 wights
  2 electric eels (Lair:2)
  4 howler monkeys
  A bullfrog zombie (D:6)
  7 centaur zombies
  2 hounds
  4 orc priests
  A bullfrog skeleton (D:6)
  4 centaur skeletons
  A gnoll shaman (D:7)
  Natasha (thrice) (D:2)
  2 iguanas (D:7)
  10 orc wizards
  A hound skeleton (D:5)
  A mummy (D:7)
  2 howler monkey zombies
  11 gnolls
  4 adders
  A shadow imp (D:6)
  3 white imps
  An ufetubus (D:5)
  A worm (D:5)
  A dart slug (D:3)
  18 orcs
  7 bats
  5 endoplasms
  4 giant cockroaches
  7 goblins
  7 hobgoblins
  3 jackals (D:5)
  3 quokkas
  6 ball pythons
  6 frilled lizards
  A hobgoblin zombie (D:7)
  13 kobolds
  3 orc zombies (D:7)
  3 rats
561 creatures vanquished.

Vanquished Creatures (collateral kills)
  2 elephants
  A freezing wraith (D:14)
  2 centaur simulacra (D:15)
  5 yaks
  Duvessa (D:6)
  Dowan (D:6)
  A black bear (shapeshifter) (D:15)
  A wolf (Lair:3)
  3 wights
  A centaur zombie (D:8)
18 creatures vanquished.

Vanquished Creatures (others)
  A vault guard (D:13)
  A two-headed ogre (D:14)
  A human (D:13)
  A wolf (Lair:3)
  4 wights
  A bush (Lair:6)
  4 foxfires (Swamp:1)
  48 fungi
  93 plants
154 creatures vanquished.

Grand Total: 733 creatures vanquished

Notes
Turn   | Place    | Note
-------+----------+-------------------------------------------
     0 | D:1      | gimp the Deep Elf Brigand began the quest for the Orb.
     0 | D:1      | Reached XP level 1. HP: 12/12 MP: 3/3
    96 | D:1      | Reached XP level 2. HP: 16/16 MP: 4/4
   795 | D:2      | Reached XP level 3. HP: 20/20 MP: 5/5
  1079 | D:2      | Noticed Natasha
  1089 | D:2      | Killed Natasha
  1270 | D:2      | Noticed Natasha
  1275 | D:2      | Killed Natasha
  1276 | D:2      | Reached XP level 4. HP: 21/25 MP: 6/6
  1585 | D:2      | Noticed Natasha
  1591 | D:2      | Killed Natasha
  2150 | D:3      | Reached XP level 5. HP: 26/29 MP: 7/7
  2587 | D:3      | Noticed a necrophage
  2620 | D:4      | Found Ubaito Enk's Armour Boutique.
  2817 | D:4      | Noticed an ogre
  3181 | D:4      | Found a glowing golden altar of the Shining One.
  3196 | D:4      | Noticed Pikel
  3197 | D:4      | Noticed a lemure
  3199 | D:4      | Noticed a lemure
  3209 | D:3      | HP: 1/29 [Pikel (11)]
  3556 | D:3      | Found a faded altar of an unknown god.
  4016 | D:3      | Killed Pikel
  4017 | D:3      | Reached skill level 5 in Short Blades
  4017 | D:3      | Reached skill level 5 in Throwing
  4017 | D:3      | Reached XP level 6. HP: 10/34 MP: 8/8
  4017 | D:3      | Reached XP level 7. HP: 11/38 MP: 9/9
  4340 | D:4      | Reached skill level 5 in Stealth
  4340 | D:4      | Reached skill level 1 in Spellcasting
  4486 | D:4      | Reached skill level 3 in Spellcasting
  4860 | D:4      | Reached skill level 4 in Spellcasting
  5178 | D:5      | Entered Level 5 of the Dungeon
  5178 | D:5      | Noticed Blork the orc
  5195 | D:5      | Killed Blork the orc
  5196 | D:5      | Reached skill level 5 in Spellcasting
  5196 | D:5      | Reached XP level 8. HP: 40/43 MP: 15/17
  5479 | D:5      | Reached skill level 6 in Spellcasting
  5679 | D:5      | Found a staircase to the Ecumenical Temple.
  5719 | Temple   | Entered the Ecumenical Temple
  5830 | Temple   | Became a worshipper of Vehumet
  6008 | D:5      | Reached skill level 7 in Spellcasting
  6726 | D:6      | Reached skill level 8 in Spellcasting
  7006 | D:6      | Identified a scroll of acquirement
  7040 | D:6      | Acquired the +0 pair of gloves of Gelulol {rElec Str+4
                  | Stlth-}
  7076 | D:6      | Reached skill level 9 in Spellcasting
  7366 | D:6      | Found a broken altar of Ashenzari.
  7491 | D:6      | Reached skill level 10 in Spellcasting
  7796 | D:6      | Noticed Duvessa
  7796 | D:6      | Noticed Dowan
  7811 | D:6      | Killed Duvessa
  7812 | D:6      | Reached XP level 9. HP: 41/48 MP: 25/25
  7829 | D:6      | Killed Dowan
  8053 | D:6      | Found a sacrificial altar of Ru.
  8121 | D:6      | Found a sparkling altar of Nemelex Xobeh.
  8122 | D:6      | Found a shimmering altar of Xom.
  8122 | D:6      | Found a burning altar of Makhleb.
  8278 | D:6      | Found an ornate altar of the Wu Jian Council.
  8278 | D:6      | Found a snail-covered altar of Cheibriados.
  8295 | D:6      | Found an iron altar of Okawaru.
  8297 | D:6      | Found a bloodstained altar of Trog.
  8299 | D:6      | Found an ancient bone altar of Kikubaaqudgha.
  8884 | D:7      | Reached * piety under Vehumet
  8884 | D:7      | Offered knowledge of Shock by Vehumet.
  8887 | D:7      | Learned a level 1 spell: Shock
  8936 | D:7      | You fall into a shaft and drop 1 floor!
  9008 | D:8      | Reached skill level 1 in Conjurations
  9239 | D:8      | Found a shimmering blue altar of Sif Muna.
  9348 | D:8      | Found a hazy altar of Hepliaklqana.
  9760 | D:7      | Reached skill level 5 in Dodging
 10975 | D:8      | Reached ** piety under Vehumet
 10991 | D:8      | Offered knowledge of Foxfire by Vehumet.
 11440 | D:8      | Reached XP level 10. HP: 46/56 MP: 26/26
 11503 | D:8      | Learned a level 2 spell: Static Discharge
 11804 | D:9      | Found Ybuth's Antique Armour Boutique.
 11807 | D:9      | Bought a steaming robe for 171 gold pieces
 11807 | D:9      | Identified the +0 robe "Uxi Samo" {Dex+4 Archmagi} (You
                  | bought it in a shop on level 9 of the Dungeon)
 12183 | D:9      | Reached skill level 5 in Conjurations
 12469 | D:9      | Found a staircase to the Lair.
 12761 | D:10     | Entered Level 10 of the Dungeon
 12794 | D:10     | Found Ycwe's Distillery.
 12813 | D:10     | Noticed Joseph
 12917 | Lair:1   | Entered Level 1 of the Lair of Beasts
 13096 | Lair:1   | Noticed a cane toad
 13211 | Lair:1   | Killed a cane toad
 13211 | Lair:1   | Offered knowledge of Inner Flame by Vehumet.
 13284 | Lair:1   | Reached skill level 5 in Fighting
 13379 | Lair:1   | Reached skill level 10 in Dodging
 14187 | Lair:1   | Noticed a five-headed hydra
 14194 | Lair:1   | Killed a five-headed hydra
 14195 | Lair:1   | Reached XP level 11. HP: 49/63 MP: 24/27
 14201 | Lair:1   | Learned a level 5 spell: Lightning Bolt
 14539 | Lair:2   | Reached skill level 1 in Air Magic
 14884 | Lair:2   | Found the +2 ratskin cloak {*Rats rPois rN+ Str-1 Int-1
                  | Dex+1}
 16098 | Lair:3   | Reached skill level 10 in Conjurations
 16497 | Lair:3   | Reached *** piety under Vehumet
 16826 | Lair:3   | Found a hole to the Spider Nest.
 17111 | Lair:3   | Reached skill level 5 in Air Magic
 17386 | Lair:3   | Offered knowledge of Conjure Flame by Vehumet.
 17387 | Lair:3   | Reached XP level 12. HP: 59/68 MP: 13/28
 18172 | Lair:3   | Reached skill level 11 in Spellcasting
 18397 | Lair:4   | Noticed a six-headed hydra
 18401 | Lair:4   | Killed a six-headed hydra
 18512 | Lair:4   | Noticed a death yak
 18525 | Lair:4   | Noticed a death yak
 18527 | Lair:4   | Noticed a death yak
 18530 | Lair:4   | Killed a death yak
 18555 | Lair:3   | Killed a death yak
 18759 | Lair:4   | Reached skill level 12 in Spellcasting
 18788 | Lair:4   | Noticed a catoblepas
 18801 | Lair:4   | Killed a catoblepas
 18802 | Lair:4   | Killed a death yak
 19127 | Lair:4   | Found a staircase to the Swamp.
 19142 | Lair:4   | Learned a level 7 spell: Orb of Destruction
 19563 | Lair:4   | Reached skill level 13 in Spellcasting
 19681 | Lair:5   | Noticed a five-headed hydra
 19688 | Lair:5   | Killed a five-headed hydra
 19689 | Lair:5   | Reached skill level 1 in Evocations
 19789 | Lair:5   | Reached **** piety under Vehumet
 19790 | Lair:5   | Reached XP level 13. HP: 72/72 MP: 17/32
 20035 | Lair:5   | Offered knowledge of Yara's Violent Unravelling by Vehumet.
 20264 | Lair:5   | Identified the ring of Kisirome {Str+6 Int+3 Stlth+}
 20317 | Lair:5   | Found a viscous altar of Jiyva.
 20317 | Lair:5   | Found a staircase to the Slime Pits.
 20334 | Lair:5   | Reached skill level 14 in Spellcasting
 20365 | Lair:5   | Reached skill level 5 in Evocations
 21073 | Lair:6   | Entered Level 6 of the Lair of Beasts
 21511 | Lair:6   | Reached skill level 15 in Spellcasting
 22655 | Lair:6   | Reached skill level 16 in Spellcasting
 22655 | Lair:6   | Reached XP level 14. HP: 78/78 MP: 24/36
 22963 | Lair:6   | Reached skill level 10 in Evocations
 23224 | Lair:6   | Reached skill level 17 in Spellcasting
 23437 | Lair:6   | Reached ***** piety under Vehumet
 23641 | Lair:6   | Offered knowledge of Ozocubu's Refrigeration by Vehumet.
 24221 | D:10     | Learned a level 3 spell: Mephitic Cloud
 24227 | D:10     | Learned a level 5 spell: Bolt of Magma
 24256 | D:10     | Killed Joseph
 24681 | D:10     | Learned a level 2 spell: Blink
 25464 | D:11     | Learned a level 4 spell: Iskenderun's Mystic Blast
 25679 | D:12     | Found a staircase to the Orcish Mines.
 25705 | D:11     | Reached skill level 1 in Translocations
 26155 | D:12     | Reached skill level 1 in Shields
 26615 | D:12     | Identified the +8 war axe of Calamity {vorpal, rPois rF+
                  | Will+ Int+4}
 26722 | D:12     | Reached skill level 18 in Spellcasting
 28044 | D:13     | Found a gate to the Vaults.
 28130 | D:13     | Reached XP level 15. HP: 81/82 MP: 20/39
 28334 | D:13     | Reached skill level 1 in Armour
 28853 | D:14     | Found a flickering gateway to a bazaar.
 28867 | Bazaar   | Entered a bazaar
 28904 | Bazaar   | Found Coen Vesaano's Assorted Antiques.
 28920 | Bazaar   | Found Voxkirr's Antique Armour Shoppe.
 28949 | Bazaar   | Found Qehicas's Distillery.
 28949 | Bazaar   | Found Enodiun's Weapon Shoppe.
 28996 | Bazaar   | Bought a potion of cancellation for 144 gold pieces
 28996 | Bazaar   | Bought a potion of curing for 54 gold pieces
 28996 | Bazaar   | Bought a potion of curing for 54 gold pieces
 28996 | Bazaar   | Bought a potion of brilliance for 72 gold pieces
 28996 | Bazaar   | Bought a potion of curing for 54 gold pieces
 29034 | Bazaar   | Bought a scroll of teleportation for 69 gold pieces
 29034 | Bazaar   | Bought a scroll of teleportation for 69 gold pieces
 29034 | Bazaar   | Bought a potion of resistance for 230 gold pieces
 29048 | Bazaar   | Bought a runed cloak for 187 gold pieces
 31432 | D:15     | Entered Level 15 of the Dungeon
 31950 | D:15     | Found a transporter.
 31958 | D:15     | Offered knowledge of Eringya's Noxious Bog by Vehumet.
 32231 | D:15     | Found Baheskiff's Antique Weapon Boutique.
 32291 | D:15     | Identified the ring "Bollocur" {Fire rCorr Dex+2 Stlth-}
 32302 | D:15     | Learned a level 5 spell: Fireball
 32690 | D:15     | Noticed Agnes
 32704 | D:15     | Killed Agnes
 32705 | D:15     | Reached skill level 5 in Armour
 32874 | D:15     | Found Meimyame's Jewellery Shop.
 33080 | D:15     | Reached skill level 19 in Spellcasting
 33092 | D:15     | Identified the ring "Xiwusasu" {rF+ rC+ Str+4 Stlth-}
 33528 | D:15     | Found the +10 morningstar "Eos" {elec, Halo rElec}
 33713 | D:15     | Found Xurhuan's Magic Scroll Shoppe.
 33724 | D:15     | Found a transporter.
 33730 | D:15     | Bought a scroll of fog for 22 gold pieces
 33730 | D:15     | Bought a scroll of fog for 22 gold pieces
 34467 | D:15     | Reached skill level 5 in Shields
 34578 | D:15     | Identified the ring "Iguac" {Drain rElec rN++ Str+6 Stlth+}
 34822 | D:15     | Reached XP level 16. HP: 35/87 MP: 14/41
 35047 | D:15     | Found a staircase to the Depths.
 35605 | D:15     | Got the Reference Book on Shape Shifting and Flight
 35847 | D:15     | Acquired the ring "Vuezxoff" {rC+ rN+ rCorr SInv}
 36033 | D:15     | Bought an amulet of regeneration for 330 gold pieces
 36286 | Swamp:1  | Entered Level 1 of the Swamp
 36612 | Swamp:1  | Reached skill level 1 in Fire Magic
 36612 | Swamp:1  | Reached skill level 1 in Earth Magic
 36704 | Swamp:1  | Noticed Nikola
 36717 | Swamp:1  | Killed Nikola
 37022 | Swamp:1  | Found a radiant altar of Vehumet.
 37080 | Swamp:1  | Offered knowledge of Freezing Cloud by Vehumet.
 37367 | Swamp:2  | Noticed a tentacled monstrosity
 37485 | Swamp:2  | Mangled by a bunyip

Illustrated notes

Levels and vault maps discovered:
D:1:      eino_arrival_cavern_d, layout_rooms, minmay_misc_feat_diagonals
D:2:      layout_basic, uniq_natasha
D:3:      layout_basic, shapermc_ecumenical_altar_ellora
D:4:      layout_basic, mainiacjoe_overflow_alcove_1, serial_shops,
          nicolae_shop_behind_doors, serial_glass, glass_columns_b,
          glass_columns_a, serial_bayou_lagoon_b, uniq_pikel
D:5:      layout_rooms, minmay_temple_entry_proselytizer, uniq_blork_the_orc
D:6:      layout_layer_cave, mainiacjoe_overflow_six_doors_small,
          chequers_temple_overflow_minitemple, mainiacjoe_overflow_alcove_3,
          kennysheep_crisscross, uniq_duvessa
D:7:      layout_loops_cross, minmay_mini_ossuary
D:8:      layout_rooms, general_overflow_altar, kennysheep_mini_moat,
          hangedman_abyss_or_decor_stagger, kennysheep_generic_room_4
D:9:      layout_loops_ring, lair_entry_dummy, nicolae_stop_n_shop_1
D:10:     layout_roguey, serial_shops, kennysheep_mini, uniq_joseph
D:11:     layout_gridville
D:12:     minmay_open_boxes_in_corner, layout_long_grid, orc_0_dummy
D:13:     layout_basic, ximxim_vaults_locker_room
D:14:     layout_layer_cave, serial_shops, bzr_entry_customers,
          hangedman_decor_clover_reticule, lemuel_old_faithful
D:15:     hangedman_spin_cycle, uniq_agnes
Temple:   kb_corrupted_temple
Lair:1:   layout_cellular_growth, columned_hall_lemuel, serial_bayou_pond_a,
          st_stairs_7, serial_bayou_shore_b
Lair:2:   layout_concentric_octagons, nicolae_quartered_pool_super
Lair:3:   layout_cave_pods, nicolae_spider_entry_tight_spaces
Lair:4:   layout_misc_corridors, swamp_mist_pool,
          eino_small_chamber_without_monster
Lair:5:   layout_regular_city, slime_altar_1
Lair:6:   evilmike_catoblepas_cave, layout_long_grid, grunt_megastairs_1,
          serial_bayou_shore_b, lemuel_fruit_fields
Swamp:1:  layout_basic_swamp, basic_altar, uniq_nikola
Swamp:2:  layout_falls_marsh, nicolae_swamp_feature_on_the_river_bank,
          infiniplex_staircase_pool

Skill      XL: |  1  2  3  4  5  6  7  8  9 10 11 12 13 14 15 16 |
---------------+-------------------------------------------------+-----
Short Blades   | 3 4 5 6 |  6.0
Throwing       | 3 4 5 6 |  6.0
Stealth        | 6 |  6.0
Spellcasting   | 5 10 13 16 18 19 | 19.7
Dodging        | 2 7 10 | 10.0
Fighting       | 3 5 |  5.0
Conjurations   | 3 8 11 12 13 | 13.5
Air Magic      | 5 9 |  9.0
Evocations     | 2 9 11 | 11.0
Translocations | 3 |  3.0
Shields        | 4 5 6 |  6.8
Armour         | 6 |  6.0
Fire Magic     | 2 |  2.3
Earth Magic    | 2 |  2.3

Action                   |  1- 3 |  4- 6 |  7- 9 | 10-12 | 13-15 | 16-18 || total
-------------------------+-------+-------+-------+-------+-------+-------++-------
Melee: Dagger            |    71 |   102 |    81 |       |       |       ||   254
       Short sword       |     5 |       |   356 |    21 |   188 |     3 ||   573
       Whip              |       |       |   139 |       |       |       ||   139
       Staff             |       |       |       |       |     2 |       ||     2
Throw: Dart              |     4 |    33 |    12 |     2 |       |       ||    51
 Cast: Shock             |       |       |    29 |   335 |   176 |       ||   540
       Static Discharge  |       |       |       |    94 |   100 |     8 ||   202
       Lightning Bolt    |       |       |       |    33 |    79 |     1 ||   113
       Orb of Destructio |       |       |       |     1 |    10 |     9 ||    20
       Bolt of Magma     |       |       |       |       |   272 |    58 ||   330
       Mephitic Cloud    |       |       |       |       |    14 |     2 ||    16
       Fireball          |       |       |       |       |     2 |    12 ||    14
Evoke: Wand              |       |     1 |    16 |     7 |       |       ||    24
       Box of beasts     |       |       |       |       |     2 |       ||     2
       Phial of floods   |       |       |       |       |       |     1 ||     1
  Use: Scroll            |       |       |    13 |     9 |    11 |     2 ||    35
       Potion            |       |       |     5 |     1 |     2 |     2 ||    10
 Stab: Sleeping          |    17 |     5 |     5 |       |     3 |       ||    30
       Distracted        |       |       |     1 |       |       |       ||     1
       Petrified         |       |       |       |       |     2 |       ||     2
       Confused          |       |       |       |       |     4 |       ||     4
Armor: Robe              |    10 |    22 |   130 |    33 |    31 |       ||   226
       Acid dragon scale |       |       |       |       |    95 |    12 ||   107
Dodge: Dodged            |    34 |    49 |   551 |   262 |   386 |    30 ||  1312
Block: Buckler           |       |       |       |       |    53 |    14 ||    67
